 Dungeon Crawl Stone Soup version 0.31-a0-542-gdc2a67831c (webtiles) character file.

Game seed: 2380233262129295079

359 Dittersdorf the Covered (level 6, -14/40 HPs)
             Began as a Gargoyle Fighter on Aug 14, 2023.
             Demolished by an ogre
             ... wielding a +0 giant spiked club
              (24 damage)
             ... on level 5 of the Dungeon.
             The game lasted 00:04:33 (3410 turns).

Dittersdorf the Covered (Gargoyle Fighter)          Turns: 3410, Time: 00:04:34

Health: -14/40     AC: 12    Str: 22    XL:     6   Next: 65%
Magic:  0/6        EV:  9    Int:  8    God:
Gold:   254        SH:  5    Dex:  9    Spells: 5/5 levels left

rFire   . . .        a - +0 flail
rCold   . . .        k - +1 buckler of Divine Compulsion {rN+}
rNeg    + + .        b - +0 scale mail
rPois   ∞            (no helmet)
rElec   +            f - +0 cloak
rCorr   .            (no gloves)
SInv    .            (no boots)
Will    .....        j - amulet of guardian spirit Stlth
                     (no ring)
HPRegen 0.26/turn    (no ring)
MPRegen 0.10/turn

%: guardian spirit
@: no status effects
A: sickness immunity, AC +4, negative energy resistance 1, electricity
resistance, torment resistance 1, petrification resistance
a: no special abilities


You were on level 5 of the Dungeon.
You visited 1 branch of the dungeon, and saw 5 of its levels.

You collected 254 gold pieces.

Inventory:

Hand Weapons
 a - a +0 flail (weapon)
Missiles
 h - 4 poisoned darts
Armour
 b - a +0 scale mail (worn)
 f - a +0 cloak (worn)
 k - the +1 buckler of Divine Compulsion (worn) {rN+}
   (You found it on level 2 of the Dungeon)

   rN+:       It protects you from negative energy.
Jewellery
 j - an amulet of guardian spirit (around neck)
Scrolls
 e - a scroll of fog
 g - a scroll of identify
Potions
 c - a potion of berserk rage
 d - a potion of might
 i - 4 potions of curing
 n - a potion of brilliance
 o - 2 potions of cancellation


   Skills:
 + Level 4.8 Fighting
 + Level 3.8 Maces & Flails
 + Level 4.9 Armour
 + Level 4.8 Shields


You had 5 spell levels left.
You didn't know any spells.
Your spell library contained the following spells:

 Spells                   Type           Power      Damage    Failure   Level
 Apportation              Tloc           0%         N/A       78%         1
 Freeze                   Ice            0%         1d3       78%         1
 Necrotise                Necr           0%         1d4       78%         1
 Summon Small Mammal      Summ           0%         N/A       78%         1
 Call Canine Familiar     Summ           0%         N/A       98%         3
 Frozen Ramparts          Ice            0%         1d1       98%         3
 Hailstorm                Conj/Ice       0%         3d3       98%         3
 Summon Guardian Golem    Hex/Summ       0%         N/A       98%         3


Dungeon Overview and Level Annotations

Branches:
Dungeon (5/15)
 Temple: D:4-7

Altars:
Yredelemnul
Zin

Annotations:
D:3 1 runed translucent door


Innate Abilities, Weirdness & Mutations

You are immune to sickness and miasma.
Your stone body is resilient. (AC +4)
You are immune to poison.
You resist negative energy. (rN+)
You are resistant to electric shocks. (rElec)
You are resistant to unholy torment.
You are immune to petrification.


Message History

You are too injured to fight recklessly!
You are too injured to fight recklessly!
You are too injured to fight recklessly!
You are too injured to fight recklessly!
You are too injured to fight recklessly!
You are too injured to fight recklessly!
You are too injured to fight recklessly!
You are too injured to fight recklessly!
You are too injured to fight recklessly!
You are too injured to fight recklessly!
You are too injured to fight recklessly!
You are too injured to fight recklessly!
You are too injured to fight recklessly!
You are too injured to fight recklessly!
You are too injured to fight recklessly!
You are too injured to fight recklessly!
The ogre attacks as you move away! The ogre barely misses you.
An orc comes into view. It is wielding a +0 trident.
The orc hits you from afar with a +0 trident.
* * * LOW HITPOINT WARNING * * *
You block the orc's attack.
You hit the orc.
The orc is almost dead.
The orc hits you but does no damage.
You barely miss the orc.
The orc is almost dead.
The orc hits you but does no damage. The ogre barely misses you.
The orc barely misses you.
You barely miss the orc.
The orc is almost dead.
The ogre hits you with a +0 giant spiked club.
* * * LOW HITPOINT WARNING * * *
The orc hits you but does no damage. You block the iguana's attack.
You completely miss the orc.
The orc is almost dead.
You block the orc's attack.
The iguana bites you but does no damage.
The ogre hits you with a +0 giant spiked club!!
Ouch! That really hurt!
You die...

#.##.#..##
##.#.##
#.#.##.#.(##
##.#.#######
##.#.##.#[.##
##.#.#.....
##.#.##.l#.##
##....####
##.#.##).#.##
##...#
##.#.##O.#.#
##<.###
##.#.#.#.#
#.....#
##.#l#O##
###.###.#
##.#@##
##.).# .#
##o## #.##.#
# ## #.##...
#.####.#
#####.# .#
#.....# #
####..# #..#
# #..#


You could see an ogre, an iguana and an orc.

Vanquished Creatures
  A black bear (D:4)
  A scorpion (D:4)
  A hound (D:4)
  A jelly (D:5)
  A human skeleton (D:3)
  2 adders
  3 worms
  2 dart slugs
  4 orcs
  4 ball pythons
  A bat (D:1)
  11 endoplasms
  4 giant cockroaches
  8 goblins
  4 hobgoblins
  8 jackals
  5 quokkas
  7 frilled lizards
  A jackal skeleton (D:3)
  5 kobolds
  7 rats
81 creatures vanquished.

Notes
Turn   | Place    | Note
-------+----------+-------------------------------------------
     0 | D:1      | Dittersdorf the Gargoyle Fighter began the quest for the
                  | Orb.
     0 | D:1      | Reached XP level 1. HP: 14/14 MP: 1/1
   123 | D:1      | Found a faded altar of an unknown god.
   126 | D:1      | Reached XP level 2. HP: 19/19 MP: 2/2
   572 | D:1      | Reached XP level 3. HP: 21/24 MP: 3/3
   852 | D:2      | Found a basalt altar of Yredelemnul.
   929 | D:2      | Identified the +1 buckler of Divine Compulsion {rN+}
  1251 | D:2      | Reached XP level 4. HP: 26/29 MP: 4/4
  1452 | D:3      | Noticed a human
  1453 | D:3      | Found a runed translucent door.
  1457 | D:3      | Found a basalt altar of Yredelemnul.
  1935 | D:3      | Found a glowing silver altar of Zin.
  2149 | D:4      | Reached XP level 5. HP: 21/33 MP: 5/5
  2898 | D:4      | Reached XP level 6. HP: 39/39 MP: 6/6
  3176 | D:5      | Entered Level 5 of the Dungeon
  3176 | D:5      | Noticed a black bear
  3188 | D:4      | Killed a black bear
  3410 | D:5      | Demolished by an ogre

Illustrated notes

Levels and vault maps discovered:
D:1:      wander_arrival_desolate, layout_loops_ring,
          hellmonk_ecumenical_altar_crossroads
D:2:      layout_basic, basic_altar
D:3:      layout_basic, dk_yredelemnul_ordeal, mainiacjoe_overflow_tiny_flanked
D:4:      layout_basic
D:5:      minmay_inner_zag, layout_loops_ring,
          mainiacjoe_overflow_cross_hatched, tgw_sif, okawaru_metal_pillars_1_2,
          minmay_ruined_shrine

Skill      XL: |  1  2  3  4 |
---------------+-------------+-----
Fighting       | 4 |  4.8
Armour         | 4 |  4.9
Shields        | 4 |  4.8
Maces & Flails | 3 |  3.8

Action                     |  1- 3 |  4- 6 || total
---------------------------+-------+-------++-------
  Melee: Flail             |   124 |   174 ||   298
    Use: Scroll            |       |     8 ||     8
 Armour: Scale mail        |    75 |    93 ||   168
  Dodge: Dodged            |    53 |    75 ||   128
  Block: Buckler           |    34 |    69 ||   103

Table legend: (Time is in decaauts)
 A = Elapsed time spent in this place.
 B = Non-inter-level travel time spent in this place.
 C = Inter-level travel time spent in this place.
 D = Time resting spent in this place.
 E = Time spent auto-exploring this place.
 F = Levels seen in this place.
 G = Mean time per level.
                   A        B        C        D        E       F      G
               +--------+--------+--------+--------+--------+-----+--------+
         Total |   3497 |   3428 |     69 |     33 |   2660 |   5 |  699.4 |
       Dungeon |   3497 |   3428 |     69 |     33 |   2660 |   5 |  699.4 |
               +--------+--------+--------+--------+--------+-----+--------+

Top non-repeatable levels by time:
     D:4: 1153 daAuts
     D:1: 780 daAuts
     D:3: 713 daAuts
     D:2: 652 daAuts
     D:5: 197 daAuts
